 Dungeon Crawl Stone Soup version 0.22-a0-271-gc000056 (webtiles) character file.

2090 tidbits the Insei (level 9, 69/69 HPs)
             Began as a Gnoll Transmuter on Mar 12, 2018.
             Quit the game on level 7 of the Dungeon.
             The game lasted 00:22:06 (2240 turns).

tidbits the Insei (Gnoll Transmuter)                Turns: 2240, Time: 00:22:06

Health: 69/69      AC:  5    Str: 16    XL:     9   Next: 27%
Magic:  18/18      EV: 15    Int: 18    God:
Gold:   165        SH:  0    Dex: 14    Spells: 12/21 levels left

rFire    . . .     SeeInvis .     - Unarmed
rCold    . . .     Gourm    .   (no shield)
rNeg     . . .     Faith    .   B - +0 leather armour {MR+}
rPois    +         Spirit   .   (no helmet)
rElec    .         Reflect  .   (no cloak)
rCorr    .         Harm     .   G - +0 pair of gloves
MR       +....                  (no boots)
Stlth    ++........             (no amulet)
HPRegen  0.61/turn              p - +3 ring of strength
MPRegen  0.16/turn              P - ring of poison resistance

@: no status effects
A: distributed training, fangs 1, rugged brown scales 1, clumsy 1, regeneration
1, strong nose
a: no special abilities


You were on level 7 of the Dungeon.
You were very hungry.

You visited 1 branch of the dungeon, and saw 8 of its levels.

You collected 377 gold pieces.
You spent 212 gold pieces at shops.

Inventory:

Hand Weapons
 f - a +1 dagger of speed
   (You found it on level 1 of the Dungeon)
 g - a +0 short sword
 i - a +2 scimitar
 m - a +0 hunting sling
 q - a +1 dagger
 u - a +0 lajatang
 z - a +1 short sword of holy wrath
   (You found it on level 4 of the Dungeon)
Missiles
 a - 36 arrows
 l - 51 stones (quivered)
 E - 12 poisoned needles
 H - 26 sling bullets
Armour
 d - a +0 ring mail
 B - a +0 leather armour of magic resistance (worn)
   (You took it off Joseph on level 7 of the Dungeon)
 G - a +0 pair of gloves (worn)
 J - a +0 robe
Magical Staves
 t - an uncursed staff of air {unknown}
   (You found it on level 4 of the Dungeon)
Jewellery
 p - a +3 ring of strength (left hand)
   (You found it on level 4 of the Dungeon)
 v - an uncursed ring of positive energy
   (You found it on level 5 of the Dungeon)
 F - an uncursed ring of teleportation
   (You found it on level 8 of the Dungeon)
 I - an uncursed ring of see invisible
   (You found it on level 4 of the Dungeon)
 P - a ring of poison resistance (right hand)
   (You found it on level 5 of the Dungeon)
Wands
 A - a wand of acid (10)
Scrolls
 r - 2 scrolls of remove curse
 s - 2 scrolls of teleportation
 w - a scroll of immolation
 x - a scroll of enchant armour
 y - a scroll of blinking
Potions
 b - a potion of berserk rage {unknown}
 e - 2 potions of agility
 h - a potion of heal wounds
 j - a potion of mutation {!q}
 k - 2 potions of flight {unknown}
 n - 2 potions of curing
 o - a potion of brilliance
 C - a potion of magic
 D - 2 potions of haste
Comestibles
 c - 7 rations


   Skills:
 + Level 4.8 Fighting
 + Level 4.0 Short Blades
 + Level 4.0 Long Blades
 + Level 4.0 Axes
 + Level 4.0 Maces & Flails
 + Level 4.0 Polearms
 + Level 4.0 Staves
 + Level 4.0 Slings
 + Level 4.0 Bows
 + Level 4.0 Crossbows
 + Level 4.0 Throwing
 + Level 4.0 Armour
 + Level 6.1 Dodging
 + Level 4.0 Stealth
 + Level 4.0 Shields
 + Level 7.7 Unarmed Combat
 + Level 6.5 Spellcasting
 + Level 3.3 Conjurations
 + Level 3.3 Hexes
 + Level 3.3 Charms
 + Level 3.3 Summonings
 + Level 3.3 Necromancy
 + Level 3.3 Translocations
 + Level 5.1 Transmutations
 + Level 3.3 Fire Magic
 + Level 3.3 Ice Magic
 + Level 3.3 Air Magic
 + Level 3.3 Earth Magic
 + Level 3.3 Poison Magic
 + Level 4.4 Invocations
 + Level 4.0 Evocations


You had 12 spell levels left.
You knew the following spells:

 Your Spells              Type           Power        Failure   Level  Hunger
e - Beastly Appendage     Tmut           ###...       1%          1    None
k - Sticks to Snakes      Tmut           ###.....     2%          2    None
p - Spider Form           Tmut/Pois      ###.......   7%          3    ##.....
r - Regeneration          Chrm/Necr      ###.......   11%         3    ##.....


Dungeon Overview and Level Annotations

Branches:
Dungeon (8/15)
 Temple: D:4-7         Lair: D:8-11

Altars:
Hepliaklqana
Kikubaaqudgha
Qazlal
Trog
Vehumet
Wu Jian
Yredelemnul
Zin

Shops:
D:6 !%*(

Annotations:
D:5 Moebius's ghost, amateur MiGl


Innate Abilities, Weirdness & Mutations

Your experience applies equally to all skills.
You have very sharp teeth.
Your uncanny sense of smell can sniff out nearby items.
You are partially covered in rugged brown scales. (AC +1, +3% HP)
You are clumsy. (Dex -2)
Your natural rate of healing is unusually fast.


Message History

Your adder is burned by acid!
The jelly misses you.
You hit the jelly.
The jelly is poisoned.
Your front legs burn!
The jelly is heavily wounded.
Your adder bites the jelly.
Your adder is burned by acid!
The jelly completely misses you.
You bite the jelly!
You kill the jelly!
Joseph unwields an uncursed quarterstaff.
Joseph wields a hunting sling.
Joseph shoots a sling bullet.
The sling bullet misses your adder. The sling bullet hits you!
Your adder bites Joseph but does no damage.
You swap places.
Joseph unwields an uncursed hunting sling.
Joseph wields an uncursed quarterstaff.
Joseph closely misses you.
You see here a leopard gecko corpse.
You hit Joseph.
Joseph is poisoned.
Joseph is lightly wounded.
You bite Joseph!
Joseph looks as sick as possible!
Joseph is moderately wounded.
Joseph misses you.
You hit Joseph but do no damage.
Joseph looks as sick as possible!
Joseph is moderately wounded.
Joseph misses you.
You barely miss Joseph.
Joseph is moderately wounded.
Joseph misses you.
You bite Joseph!
Joseph looks as sick as possible!
Joseph is heavily wounded.
Joseph completely misses you.
You closely miss Joseph.
Joseph is heavily wounded.
You barely miss Joseph.
Joseph is heavily wounded.
Joseph completely misses you.
You bite Joseph!
Joseph looks as sick as possible!
Joseph is severely wounded.
Joseph hits you with an uncursed quarterstaff!
You completely miss Joseph.
Joseph is almost dead.
Joseph misses you.
You barely miss Joseph.
Joseph is almost dead.
Joseph hits you with an uncursed quarterstaff.
You hit Joseph.
You kill Joseph!
Your Short Blades skill increases to level 4!
Your Long Blades skill increases to level 4!
Your Axes skill increases to level 4!
Your Maces & Flails skill increases to level 4!
Your Polearms skill increases to level 4!
Your Staves skill increases to level 4!
Your Slings skill increases to level 4!
Your Bows skill increases to level 4!
Your Crossbows skill increases to level 4!
Your Throwing skill increases to level 4!
Your Armour skill increases to level 4!
Your Stealth skill increases to level 4!
Your Shields skill increases to level 4!
Your Evocations skill increases to level 4!
You hit the adder skeleton but do no damage.
Your transformation is almost over.
The adder skeleton barely misses you.
You hit the adder skeleton.
The adder skeleton is lightly damaged.
The adder skeleton closely misses you.
You bite the adder skeleton!
You destroy the adder skeleton!
Items here: $ ( )) [ an uncursed quarterstaff; an uncursed hunting sling; 26 sling bullets a glowing leather armour; 16 gold pieces
Okay, then.
H - 26 sling bullets;
J - a glowing leather armour You now have 149 gold pieces (gained 16).
You swap places.
You see here a leopard gecko corpse.
You see here 16 gold pieces.
You now have 165 gold pieces (gained 16).
Your transformation has ended.
Your +0 pair of gloves unmelds from your body.
Your +0 robe unmelds from your body.
Wear which item? (? for menu, Esc to quit)
You start removing your armour.
You continue taking off your +0 robe. x4
You finish taking off your +0 robe.
You start putting on your armour.
You continue putting on your glowing leather armour. x4
Your adder withers and dies!
You continue putting on your glowing leather armour.
You finish putting on your +0 leather armour of magic resistance.
You feel resistant to hostile enchantments.
Adjust (i)tems, (s)pells, or (a)bilities?
Adjust which item? (? for menu, Esc to quit)
J - a +0 leather armour of magic resistance (worn)
Adjust to which letter? (? for menu, Esc to quit)
B - a +0 leather armour of magic resistance (worn)
J - a +0 robe
Found an escape hatch in the ceiling.
You are feeling very hungry.
Okay, then.
Are you sure you want to abandon this character and quit the game? (Confirm with "yes".)

# #. #.# ###...###.#.# ##
#.##.##.# #.......#.#.#
.###.#...#.##
#.........#.#
.......#....#
#.......###W#
.....#...##.# ###...###
#.# .######.###.# #...#
#.# .# #....#
#.#######.## #.# .#
#.#### #......##.# #.# .#
#.# ######@##.# #.# .#
#.# #.##.# #.# .# #.#
##.##.# #.# .# #.#
##...#.######.# .# #.####
#..............# .#
#....# #.#...#.#####..#
.# ####.# #.##.##.# #..#
## ####.#####.##.##.#
#..# #
#..........##.##.#####..#


There were no monsters in sight!

Vanquished Creatures
  Pikel (D:7)
  Joseph (D:7)
  Purgy (D:3)
  2 black bears (D:6)
  3 slaves (D:7)
  A bullfrog (D:7)
  4 wights (D:6)
  A howler monkey (D:7)
  2 hounds
  3 jellies
  A quasit (D:6)
  2 orc priests (D:5)
  2 centaur skeletons
  2 orc wizards (D:5)
  A hound zombie (D:6)
  3 gnolls (D:2)
  5 adders
  An adder skeleton (D:7)
  2 worms
  3 leopard geckos
  4 orcs
  A giant cockroach (D:1)
  3 goblins
  4 hobgoblins
  5 jackals (D:2)
  5 kobolds
  A ball python (D:2)
  2 frilled lizards
  3 rats
69 creatures vanquished.

Vanquished Creatures (collateral kills)
  Prince Ribbit (D:5)
  A hungry ghost (D:7)
  A wight (D:6)
  A bullfrog zombie (D:5)
  An adder (D:8)
5 creatures vanquished.

Vanquished Creatures (others)
  An ogre (D:7)
1 creature vanquished.

Grand Total: 75 creatures vanquished

Notes
Turn   | Place    | Note
-------+----------+-------------------------------------------
     0 | D:1      | tidbits the Gnoll Transmuter began the quest for the Orb.
     0 | D:1      | Reached XP level 1. HP: 17/17 MP: 6/6
   144 | D:1      | Reached XP level 2. HP: 23/23 MP: 5/7
   333 | D:2      | Reached skill level 5 in Spellcasting
   333 | D:2      | Reached XP level 3. HP: 28/28 MP: 7/9
   338 | D:2      | Reached skill level 1 in Invocations
   390 | D:2      | Learned a level 2 spell: Sticks to Snakes
   394 | D:2      | Learned a level 3 spell: Spider Form
   410 | D:2      | Reached skill level 1 in Short Blades
   410 | D:2      | Reached skill level 1 in Long Blades
   410 | D:2      | Reached skill level 1 in Axes
   410 | D:2      | Reached skill level 1 in Maces & Flails
   410 | D:2      | Reached skill level 1 in Polearms
   410 | D:2      | Reached skill level 1 in Staves
   410 | D:2      | Reached skill level 1 in Slings
   410 | D:2      | Reached skill level 1 in Bows
   410 | D:2      | Reached skill level 1 in Crossbows
   410 | D:2      | Reached skill level 1 in Throwing
   410 | D:2      | Reached skill level 1 in Armour
   410 | D:2      | Reached skill level 1 in Stealth
   410 | D:2      | Reached skill level 1 in Shields
   410 | D:2      | Reached skill level 1 in Evocations
   410 | D:2      | Reached XP level 4. HP: 22/34 MP: 1/11
   422 | D:2      | Found a radiant altar of Vehumet.
   491 | D:2      | Found a hazy altar of Hepliaklqana.
   573 | D:3      | Noticed Purgy
   591 | D:3      | Killed Purgy
   591 | D:3      | Reached skill level 1 in Conjurations
   591 | D:3      | Reached skill level 1 in Hexes
   591 | D:3      | Reached skill level 1 in Charms
   591 | D:3      | Reached skill level 1 in Summonings
   591 | D:3      | Reached skill level 1 in Necromancy
   591 | D:3      | Reached skill level 1 in Translocations
   591 | D:3      | Reached skill level 1 in Fire Magic
   591 | D:3      | Reached skill level 1 in Ice Magic
   591 | D:3      | Reached skill level 1 in Air Magic
   591 | D:3      | Reached skill level 1 in Earth Magic
   591 | D:3      | Reached skill level 1 in Poison Magic
   591 | D:3      | Reached XP level 5. HP: 39/40 MP: 1/12
   599 | D:3      | Reached skill level 3 in Fighting
   677 | D:4      | Reached skill level 4 in Transmutations
   748 | D:4      | Found a basalt altar of Yredelemnul.
   789 | D:5      | Entered Level 5 of the Dungeon
   887 | D:5      | Found an ornate altar of the Wu Jian Council.
   887 | D:5      | Found a faded altar of an unknown god.
   893 | D:5      | Found a glowing silver altar of Zin.
   895 | D:5      | Found a faded altar of an unknown god.
   896 | D:5      | Found an ancient bone altar of Kikubaaqudgha.
   933 | D:5      | Noticed Moebius's ghost (amateur MiGl)
   960 | D:6      | Found Elikiwno's Weapon Emporium.
   965 | D:6      | Bought 15 arrows for 45 gold pieces
   985 | D:6      | Found a stormy altar of Qazlal.
  1005 | D:6      | Learned a level 3 spell: Regeneration
  1030 | D:6      | Reached skill level 2 in Invocations
  1030 | D:6      | Reached XP level 6. HP: 41/47 MP: 6/13
  1072 | D:6      | Found Nearghesk's Assorted Antiques.
  1080 | D:6      | Bought an ivory wand for 88 gold pieces
  1080 | D:6      | Bought a scroll labeled WUPEOT TECOI for 22 gold pieces
  1080 | D:6      | Bought a brown potion for 19 gold pieces
  1080 | D:6      | Bought a pink potion for 19 gold pieces
  1095 | D:6      | Found Penofeimm's Food Emporium.
  1163 | D:6      | Bought a fizzy grey potion for 19 gold pieces
  1178 | D:6      | Found Pumu's Distillery.
  1194 | D:6      | Reached skill level 5 in Dodging
  1223 | D:6      | Noticed a black bear
  1225 | D:6      | Found a bloodstained altar of Trog.
  1225 | D:6      | Noticed a black bear
  1229 | D:6      | Killed a black bear
  1229 | D:6      | Reached skill level 2 in Short Blades
  1229 | D:6      | Reached skill level 2 in Long Blades
  1229 | D:6      | Reached skill level 2 in Axes
  1229 | D:6      | Reached skill level 2 in Maces & Flails
  1229 | D:6      | Reached skill level 2 in Polearms
  1229 | D:6      | Reached skill level 2 in Staves
  1229 | D:6      | Reached skill level 2 in Slings
  1229 | D:6      | Reached skill level 2 in Bows
  1229 | D:6      | Reached skill level 2 in Crossbows
  1229 | D:6      | Reached skill level 2 in Throwing
  1229 | D:6      | Reached skill level 2 in Armour
  1229 | D:6      | Reached skill level 2 in Stealth
  1229 | D:6      | Reached skill level 2 in Shields
  1229 | D:6      | Reached skill level 2 in Evocations
  1239 | D:6      | Killed a black bear
  1239 | D:6      | Reached XP level 7. HP: 52/52 MP: 12/15
  1264 | D:6      | Reached skill level 7 in Unarmed Combat
  1286 | D:7      | Noticed a hungry ghost
  1298 | D:7      | Killed a hungry ghost
  1298 | D:7      | Reached skill level 2 in Conjurations
  1298 | D:7      | Reached skill level 2 in Hexes
  1298 | D:7      | Reached skill level 2 in Charms
  1298 | D:7      | Reached skill level 2 in Summonings
  1298 | D:7      | Reached skill level 2 in Necromancy
  1298 | D:7      | Reached skill level 2 in Translocations
  1298 | D:7      | Reached skill level 2 in Fire Magic
  1298 | D:7      | Reached skill level 2 in Ice Magic
  1298 | D:7      | Reached skill level 2 in Air Magic
  1298 | D:7      | Reached skill level 2 in Earth Magic
  1298 | D:7      | Reached skill level 2 in Poison Magic
  1343 | D:6      | Reached skill level 3 in Invocations
  1429 | D:5      | Noticed Prince Ribbit
  1446 | D:5      | Killed Prince Ribbit
  1446 | D:5      | Reached skill level 4 in Fighting
  1446 | D:5      | Reached skill level 3 in Short Blades
  1446 | D:5      | Reached skill level 3 in Long Blades
  1446 | D:5      | Reached skill level 3 in Axes
  1446 | D:5      | Reached skill level 3 in Maces & Flails
  1446 | D:5      | Reached skill level 3 in Polearms
  1446 | D:5      | Reached skill level 3 in Staves
  1446 | D:5      | Reached skill level 3 in Slings
  1446 | D:5      | Reached skill level 3 in Bows
  1446 | D:5      | Reached skill level 3 in Crossbows
  1446 | D:5      | Reached skill level 3 in Throwing
  1446 | D:5      | Reached skill level 3 in Armour
  1446 | D:5      | Reached skill level 3 in Stealth
  1446 | D:5      | Reached skill level 3 in Shields
  1446 | D:5      | Reached skill level 3 in Evocations
  1446 | D:5      | Reached XP level 8. HP: 60/60 MP: 8/16
  1637 | D:5      | Reached skill level 6 in Spellcasting
  1828 | D:7      | Gained mutation: Your natural rate of healing is unusually fast. [potion of mutation]
  1828 | D:7      | Gained mutation: You are clumsy. (Dex -2) [potion of mutation]
  1828 | D:7      | Gained mutation: You are partially covered in rugged brown scales. (AC +1, +3% HP) [potion of mutation]
  1942 | D:7      | Noticed Pikel
  1963 | D:7      | Killed Pikel
  1963 | D:7      | Reached skill level 6 in Dodging
  1963 | D:7      | Reached skill level 3 in Conjurations
  1963 | D:7      | Reached skill level 3 in Hexes
  1963 | D:7      | Reached skill level 3 in Charms
  1963 | D:7      | Reached skill level 3 in Summonings
  1963 | D:7      | Reached skill level 3 in Necromancy
  1963 | D:7      | Reached skill level 3 in Translocations
  1963 | D:7      | Reached skill level 3 in Fire Magic
  1963 | D:7      | Reached skill level 3 in Ice Magic
  1963 | D:7      | Reached skill level 3 in Air Magic
  1963 | D:7      | Reached skill level 3 in Earth Magic
  1963 | D:7      | Reached skill level 3 in Poison Magic
  1963 | D:7      | Reached skill level 4 in Invocations
  1963 | D:7      | Reached XP level 9. HP: 48/67 MP: 14/18
  2018 | D:8      | Reached skill level 5 in Transmutations
  2073 | D:7      | Noticed Joseph
  2099 | D:7      | Killed Joseph
  2099 | D:7      | Reached skill level 4 in Short Blades
  2099 | D:7      | Reached skill level 4 in Long Blades
  2099 | D:7      | Reached skill level 4 in Axes
  2099 | D:7      | Reached skill level 4 in Maces & Flails
  2099 | D:7      | Reached skill level 4 in Polearms
  2099 | D:7      | Reached skill level 4 in Staves
  2099 | D:7      | Reached skill level 4 in Slings
  2099 | D:7      | Reached skill level 4 in Bows
  2099 | D:7      | Reached skill level 4 in Crossbows
  2099 | D:7      | Reached skill level 4 in Throwing
  2099 | D:7      | Reached skill level 4 in Armour
  2099 | D:7      | Reached skill level 4 in Stealth
  2099 | D:7      | Reached skill level 4 in Shields
  2099 | D:7      | Reached skill level 4 in Evocations
  2240 | D:7      | Quit the game

Vault maps used:
D:1:      dpeg_arrival_three_same_balls, grunt_decor_cap
D:2:      nicolae_overflow_hidden_temple, lemuel_blue_sif_altar,
          vehumet_crystals
D:3:      cheibrodos_greedy_goblins, first_ration, serial_forest,
          infiniplex_forest_lined_3, infiniplex_forest_diagonal,
          infiniplex_forest_corner_1, infiniplex_forest_lined_corner,
          infiniplex_forest_clump_curved, infiniplex_forest_lined_room_3,
          infiniplex_forest_straight_5, infiniplex_forest_straight_4,
          uniq_purgy, uniq_grinder, uniq_crazy_yiuf_cottage
D:4:      lemuel_round_altar, minmay_temple_entry_overgrown
D:5:      chequers_temple_overflow_minitemple, uniq_prince_ribbit1
D:6:      trog_ov_bears_minmay, kennysheep_mini, serial_shops,
          kennysheep_little_box, shop, kennysheep_mini_moat, nicolae_shop_stone,
          shop
D:7:      lemuel_coloured_pillars_altar, uniq_joseph, uniq_pikel
D:8:      nicolae_ru_great_annihilating_truth, hangedman_ranch,
          eino_tiny_chamber, nicolae_two_hexagons

Skill      XL: |  1  2  3  4  5  6  7  8  9 |
---------------+----------------------------+-----
Spellcasting   | 5 6 |  6.5
Invocations    | 1 2 3 4 |  4.4
Short Blades   | 1 2 3 4 |  4.0
Long Blades    | 1 2 3 4 |  4.0
Axes           | 1 2 3 4 |  4.0
Maces & Flails | 1 2 3 4 |  4.0
Polearms       | 1 2 3 4 |  4.0
Staves         | 1 2 3 4 |  4.0
Slings         | 1 2 3 4 |  4.0
Bows           | 1 2 3 4 |  4.0
Crossbows      | 1 2 3 4 |  4.0
Throwing       | 1 2 3 4 |  4.0
Armour         | 1 2 3 4 |  4.0
Stealth        | 1 2 3 4 |  4.0
Shields        | 1 2 3 4 |  4.0
Evocations     | 1 2 3 4 |  4.0
Conjurations   | 1 2 3 |  3.3
Hexes          | 1 2 3 |  3.3
Charms         | 1 2 3 |  3.3
Summonings     | 1 2 3 |  3.3
Necromancy     | 1 2 3 |  3.3
Translocations | 1 2 3 |  3.3
Fire Magic     | 1 2 3 |  3.3
Ice Magic      | 1 2 3 |  3.3
Air Magic      | 1 2 3 |  3.3
Earth Magic    | 1 2 3 |  3.3
Poison Magic   | 1 2 3 |  3.3
Fighting       | 3 4 |  4.8
Transmutations | 4 5 |  5.1
Dodging        | 5 6 |  6.1
Unarmed Combat | 7 |  7.7

Action                   |  1- 3 |  4- 6 |  7- 9 || total
-------------------------+-------+-------+-------++-------
Melee: Unarmed           |    38 |    74 |   126 ||   238
       Kick              |     7 |       |       ||     7
       Headbutt          |     2 |       |       ||     2
       Bite              |     4 |       |       ||     4
       Punch             |     1 |     1 |       ||     2
 Cast: Beastly Appendage |    10 |     2 |       ||    12
       Spider Form       |     1 |    13 |    13 ||    27
       Sticks to Snakes  |     1 |     6 |    13 ||    20
  Use: Scroll            |       |     8 |     7 ||    15
       Potion            |       |       |     3 ||     3
 Stab: Sleeping          |     1 |     2 |       ||     3
       Distracted        |       |     1 |     2 ||     3
  Eat: Ration            |       |     1 |     1 ||     2
Armor: Robe              |     3 |       |     1 ||     4
       Skin              |       |     5 |       ||     5
Dodge: Dodged            |    27 |    73 |    79 ||   179

Table legend:
 A = Spawn XP
 B = Non-spawn XP
 C = Spawn XP percentage of total XP
 D = Spawn monster count
 E = Non-spawn monster count
 F = Spawn count percentage of total count
 G = Total turns spent on level
                    A         B        C        D         E        F      G
               +---------+---------+-------+---------+---------+-------+---------
         Total |       0 |    2986 |   0.0 |       0 |      71 |   0.0 |  2240
               +---------+---------+-------+---------+---------+-------+---------
           D:1 |       0 |      18 |   0.0 |       0 |      10 |   0.0 |   256
           D:2 |       0 |      81 |   0.0 |       0 |      17 |   0.0 |   281
           D:3 |       0 |     130 |   0.0 |       0 |       4 |   0.0 |    66
           D:4 |       0 |      57 |   0.0 |       0 |       5 |   0.0 |   270
           D:5 |       0 |     452 |   0.0 |       0 |      10 |   0.0 |   319
           D:6 |       0 |     696 |   0.0 |       0 |      13 |   0.0 |   553
           D:7 |       0 |    1509 |   0.0 |       0 |      10 |   0.0 |   418
           D:8 |       0 |      43 |   0.0 |       0 |       2 |   0.0 |    77
               +---------+---------+-------+---------+---------+-------+---------

Table legend:
 A = Turns spent in this place as a percentage of turns spent in the entire game.
 B = Non-inter-level travel turns spent in this place as a percentage of non-inter-level travel turns spent in the entire game.
 C = Inter-level travel turns spent in this place as a percentage of turns spent in this place.
 D = Turns resting spent in this place as a percentage of non-inter-level travel turns spent in this place.
 E = Turns spent auto-exploring this place as a percentage of non-inter-level travel turns spent in this place.
 F = Non-inter-level travel turns spent in this place divided by the number of levels of this place that you've seen.
                   A       B       C       D       E      F
               +-------+-------+-------+-------+-------+----------------------
         Total | 100.0 | 100.0 |   2.0 |   0.0 |   0.0 | 274.4
       Dungeon | 100.0 | 100.0 |   2.0 |   0.0 |   0.0 | 274.4
               +-------+-------+-------+-------+-------+----------------------

Table legend:
 A = Kills in this place as a percentage of kills in entire the game.
 B = Kills by you in this place as a percentage of kills by you in the entire game.
 C = Kills by friends in this place as a percentage of kills by friends in the entire game.
 D = Other kills in this place as a percentage of other kills in the entire game.
 E = Experience gained in this place as a percentage of experience gained in the entire game.
 F = Experience gained in this place divided by the number of levels of this place that you have seen.
                   A       B       C       D       E      F
               +-------+-------+-------+-------+-------+----------------------
         Total | 100.0 | 100.0 | 100.0 |   N/A | 100.0 | 373.2
       Dungeon | 100.0 | 100.0 | 100.0 |   N/A | 100.0 | 373.2
               +-------+-------+-------+-------+-------+----------------------

Vault maps used:
D:1:      dpeg_arrival_three_same_balls, grunt_decor_cap
D:2:      nicolae_overflow_hidden_temple, lemuel_blue_sif_altar,
          vehumet_crystals
D:3:      cheibrodos_greedy_goblins, first_ration, serial_forest,
          infiniplex_forest_lined_3, infiniplex_forest_diagonal,
          infiniplex_forest_corner_1, infiniplex_forest_lined_corner,
          infiniplex_forest_clump_curved, infiniplex_forest_lined_room_3,
          infiniplex_forest_straight_5, infiniplex_forest_straight_4,
          uniq_purgy, uniq_grinder, uniq_crazy_yiuf_cottage
D:4:      lemuel_round_altar, minmay_temple_entry_overgrown
D:5:      chequers_temple_overflow_minitemple, uniq_prince_ribbit1
D:6:      trog_ov_bears_minmay, kennysheep_mini, serial_shops,
          kennysheep_little_box, shop, kennysheep_mini_moat, nicolae_shop_stone,
          shop
D:7:      lemuel_coloured_pillars_altar, uniq_joseph, uniq_pikel
D:8:      nicolae_ru_great_annihilating_truth, hangedman_ranch,
          eino_tiny_chamber, nicolae_two_hexagons
